 Dungeon Crawl Stone Soup version 0.21-a0-110-g8e1637b (webtiles) character file.

4915 meatball the Cleaver (level 10, -2/87 (88) HPs)
             Began as a Minotaur Berserker on July 10, 2017.
             Was a High Priest of Trog.
             Slain by a two-headed ogre
             ... wielding a cursed -3 giant spiked club
              (26 damage)
             ... on level 8 of the Dungeon.
             The game lasted 00:54:56 (7212 turns).

meatball the Cleaver (Minotaur Berserker)           Turns: 7212, Time: 00:54:57

HP:   -2/87 (88)    AC:  9    Str: 24    XL:     10   Next: 27%
MP:   9/9           EV: 11    Int:  8    God:    Trog [*****.]
Gold: 441           SH:  0    Dex:  8    Spells: 9/9 levels left

rFire    . . .     SeeInvis .   a - +0 hand axe
rCold    . . .     Gourm    .   (no shield)
rNeg     + . .     Faith    .   C - +2 scale mail of the Swamp {rN+ Regen+ Int+4 Dex-3}
rPois    .         Spirit   .   (helmet restricted)
rElec    .         Reflect  .   (no cloak)
rCorr    .         Harm     .   (no gloves)
MR       .....                  (no boots)
Stlth    ..........             (no amulet)
HPRegen  0.64/turn              (no ring)
MPRegen  0.11/turn              (no ring)

@: berserk cooldown, slowed, very slow
A: retaliatory headbutt, horns 2
a: Berserk, Trog's Hand, Brothers in Arms, Burn Spellbooks, Renounce Religion


You were on level 8 of the Dungeon.
You worshipped Trog.
Trog was extremely pleased with you.
You were not hungry.

You visited 1 branch of the dungeon, and saw 8 of its levels.

You collected 497 gold pieces.
You spent 56 gold pieces at shops.

Inventory:

Hand Weapons
 a - a +0 hand axe (weapon)
 o - a +1 antimagic hand axe
 E - a +0 war axe
 K - a +1 hand axe of electrocution
Armour
 b - a +0 animal skin
 m - a +0 scale mail
 n - a +0 pair of gloves
 x - a +0 scale mail
 A - a +0 plate armour
 C - the +2 scale mail of the Swamp (worn) {rN+ Regen+ Int+4 Dex-3}
   (You found it on level 7 of the Dungeon)

   It affects your intelligence (+4).
   It affects your dexterity (-3).
   It protects you from negative energy.
   It increases your rate of regeneration.
 G - a cursed +0 scale mail
Jewellery
 g - an uncursed amulet of harm {unknown}
 r - a cursed +4 ring of strength {unknown}
 v - an uncursed ring of positive energy {unknown}
 y - an uncursed amulet of the gourmand {unknown}
 z - a +3 ring of dexterity {unknown}
 D - a +6 ring of protection {unknown}
 L - an uncursed ring of flight {unknown}
Scrolls
 e - 2 scrolls of identify
 f - 2 scrolls of enchant armour {unknown}
 i - 4 scrolls of remove curse {unknown}
 k - a scroll of teleportation {unknown}
 q - a scroll of enchant weapon {unknown}
 s - a scroll of magic mapping {unknown}
 t - a scroll of random uselessness {unknown}
 w - a scroll of amnesia {unknown}
 I - a scroll of recharging {unknown}
 J - a scroll of fog {unknown}
Potions
 d - 3 potions of resistance {unknown}
 h - 2 potions of invisibility {unknown}
 j - 2 potions of mutation {unknown}
 l - a potion of brilliance {unknown}
 u - a potion of might {unknown}
 B - a potion of heal wounds {unknown}
 F - 4 potions of curing
 H - a potion of degeneration
Comestibles
 c - 5 bread rations
 p - 2 royal jellies


   Skills:
 + Level 8.0 Fighting
 - Level 14.4 Axes
 - Level 7.2 Armour
 - Level 4.0 Dodging


You had 9 spell levels left.
You didn't know any spells.

Dungeon Overview and Level Annotations

Branches:
Dungeon (8/15)             Temple (0/1) D:7
   Lair: D:8-11

Altars:
Hepliaklqana
Nemelex Xobeh
Qazlal
Trog
Vehumet
Wu Jian
The Shining One

Shops:
D:6 !


Innate Abilities, Weirdness & Mutations

You reflexively headbutt those who attack you in melee.
You have a pair of horns on your head.


Message History

The two-headed ogre hits you with a giant club.
You hit the two-headed ogre. You headbutt the two-headed ogre.
The two-headed ogre is severely wounded.
You hit the two-headed ogre but do no damage.
The two-headed ogre is severely wounded.
The two-headed ogre misses you.
The two-headed ogre hits you with a giant club!
You hit the two-headed ogre.
Your headbutt misses the two-headed ogre.
The two-headed ogre is severely wounded.
The two-headed ogre closely misses you.
The two-headed ogre hits you with a giant club!
* * * LOW HITPOINT WARNING * * *
You're still recovering from your berserk rage.
You slash the two-headed ogre!
Your headbutt misses the two-headed ogre.
The two-headed ogre is severely wounded.
The two-headed ogre hits you but does no damage.
The two-headed ogre hits you with a giant club!!
You die...

..## #............#
.## ##...........# ##
##.........## #
#.........# #
##.......## ##
#.......#
.#############.....##
.............)....##
................@.#
..###############O#
....... ##..# .......
...# ........ ...#
........ .$..#
........ ....#
........ ..(..
....... ......


You could see a two-headed ogre.

Vanquished Creatures
  Erica (D:8)
  A two-headed ogre (D:8)
  Pikel (D:5)
  Psyche (D:8)
  Grinder (D:4)
  Prince Ribbit (D:6)
  A hippogriff (D:8)
  A hungry ghost (D:7)
  Duvessa (D:4)
  An eye of draining (D:3)
  An ice beast (D:6)
  2 slaves (D:5)
  A necrophage (D:7)
  3 ogres
  6 big kobolds (D:4)
  3 bullfrogs
  Dowan (D:4)
  A scorpion (D:6)
  3 howler monkeys
  3 crimson imps
  4 orc priests
  2 hounds
  3 orc wizards
  An iguana (D:7)
  3 worker ants
  A hound zombie (D:6)
  A worker ant zombie (D:3)
  Robin (D:4)
  11 adders
  2 gnolls (D:4)
  3 shadow imps
  3 oozes
  An adder zombie (D:7)
  An adder skeleton (D:4)
  2 worms
  A dart slug (D:1)
  2 leopard geckos
  11 orcs
  2 giant cockroaches
  19 goblins
  7 hobgoblins
  7 jackals
  5 quokkas
  A ball python (D:3)
  12 bats
  6 frilled lizards
  45 kobolds
  A quokka skeleton (D:3)
  5 rats
197 creatures vanquished.

Notes
Turn   | Place    | Note
-------+----------+-------------------------------------------
     0 | D:1      | meatball the Minotaur Berserker began the quest for the Orb.
     0 | D:1      | Reached XP level 1. HP: 19/19 MP: 0/0
   124 | D:1      | Reached skill level 4 in Axes
   124 | D:1      | Reached XP level 2. HP: 26/27 MP: 1/1
  1029 | D:2      | Reached XP level 3. HP: 31/33 MP: 2/2
  1286 | D:2      | Reached ** piety under Trog
  1378 | D:2      | Found an ornate altar of the Wu Jian Council.
  1465 | D:2      | Reached XP level 4. HP: 40/40 MP: 3/3
  1481 | D:2      | Found a sparkling altar of Nemelex Xobeh.
  1776 | D:3      | Reached skill level 5 in Axes
  1897 | D:3      | Noticed an eye of draining
  1908 | D:3      | Found a bloodstained altar of Trog.
  1913 | D:3      | Killed an eye of draining
  1913 | D:3      | Reached skill level 6 in Axes
  1913 | D:3      | Reached XP level 5. HP: 41/46 MP: 0/4
  1970 | D:3      | Found a radiant altar of Vehumet.
  2217 | D:4      | Noticed Robin
  2228 | D:4      | Reached *** piety under Trog
  2234 | D:4      | Killed Robin
  2312 | D:4      | Got a bloodstained trident
  2313 | D:4      | Identified the cursed +1 trident "Useisux" {freeze, *Slow Fragile +Inv Int+9} (You found it on level 4 of the Dungeon)
  2332 | D:4      | Reached skill level 7 in Axes
  2354 | D:4      | Reached XP level 6. HP: 48/52 MP: 5/5
  2408 | D:4      | Noticed Duvessa
  2426 | D:4      | Killed Duvessa
  2426 | D:4      | Reached skill level 8 in Axes
  2429 | D:4      | Noticed Dowan
  2446 | D:4      | Killed Dowan
  2648 | D:4      | Reached XP level 7. HP: 23/59 MP: 6/6
  2795 | D:4      | Found a stormy altar of Qazlal.
  2795 | D:4      | Found a hazy altar of Hepliaklqana.
  2881 | D:5      | Entered Level 5 of the Dungeon
  2920 | D:5      | Reached skill level 9 in Axes
  3024 | D:4      | Noticed Grinder
  3037 | D:4      | Killed Grinder
  3037 | D:4      | Reached skill level 10 in Axes
  3294 | D:4      | Reached skill level 5 in Fighting
  3344 | D:4      | Reached XP level 8. HP: 55/70 MP: 7/7
  3347 | D:4      | Reached **** piety under Trog
  4262 | D:5      | Noticed Pikel
  4268 | D:5      | Killed Pikel
  4342 | D:6      | Noticed Prince Ribbit
  4351 | D:6      | Killed Prince Ribbit
  4351 | D:6      | Reached XP level 9. HP: 69/81 MP: 8/8
  4379 | D:6      | Found a glowing golden altar of the Shining One.
  4614 | D:6      | Reached ***** piety under Trog
  5324 | D:6      | Reached skill level 11 in Axes
  5863 | D:6      | Found Ozxocle's Distillery.
  5866 | D:6      | Bought a potion of degeneration for 14 gold pieces
  5866 | D:6      | Bought a potion of curing for 42 gold pieces
  5987 | D:7      | Reached skill level 12 in Axes
  6546 | D:7      | Got a fine scale mail
  6548 | D:7      | Identified the +2 scale mail of the Swamp {rN+ Regen+ Int+4 Dex-3} (You found it on level 7 of the Dungeon)
  6576 | D:7      | Found a staircase to the Ecumenical Temple.
  6853 | D:8      | Noticed Erica
  6863 | D:8      | Killed Erica
  6863 | D:8      | Reached skill level 13 in Axes
  6932 | D:8      | Noticed Psyche
  6973 | D:8      | Killed Psyche
  6973 | D:8      | Reached XP level 10. HP: 38/87 MP: 6/9
  7184 | D:8      | Noticed a two-headed ogre
  7188 | D:8      | Killed a two-headed ogre
  7188 | D:8      | Reached skill level 14 in Axes
  7200 | D:8      | Noticed a two-headed ogre
  7212 | D:8      | Slain by a two-headed ogre

Vault maps used:
D:1:      dpeg_arrival_renting, minivault_23
D:2:      nicolae_overflow_hidden_temple, old_standard_altar, marbit_many_paths
D:3:      nicolae_overflow_crystal_walls, trog_eyes_of_draining, serial_undead,
          serial_undead_a, serial_undead_b, serial_undead_f, serial_undead_f
D:4:      minmay_goblin_kobold_castle, kennysheep_little_box,
          amethyst_overflow_temple_binary, uniq_robin, uniq_grinder,
          uniq_duvessa
D:5:      first_bread, uniq_pikel
D:6:      tso_altar, serial_shops, kennysheep_mini, uniq_prince_ribbit1
D:7:      minmay_temple_entry_trees
D:8:      uniq_psyche, uniq_erica

Skill      XL: |  1  2  3  4  5  6  7  8  9 10 |
---------------+-------------------------------+-----
Axes           | 4 6 7 8 10 13 14 | 14.4
Fighting       | 4 6 8 |  8.0
Dodging        | 3 4 |  4.0
Armour         | 7 |  7.2

Action                   |  1- 3 |  4- 6 |  7- 9 | 10-12 || total
-------------------------+-------+-------+-------+-------++-------
Melee: Hand axe          |    82 |   127 |   322 |    36 ||   567
       Headbutt          |     9 |    15 |    65 |     9 ||    98
Invok: Berserk           |     1 |     3 |     9 |     1 ||    14
       Burn Spellbooks   |       |       |     1 |     1 ||     2
       Trog's Hand       |       |       |     1 |       ||     1
  Use: Scroll            |       |     1 |     1 |       ||     2
       Potion            |       |       |     1 |       ||     1
 Stab: Invisible         |       |       |     1 |       ||     1
  Eat: Chunk             |     3 |     5 |    17 |     2 ||    27
       Meat ration       |       |       |     1 |       ||     1
       Royal jelly       |       |       |     1 |       ||     1
Armor: Animal skin       |    12 |    15 |    14 |       ||    41
       Scale mail        |       |       |    18 |     6 ||    24
Dodge: Dodged            |    51 |    57 |   138 |    12 ||   258
